 Dungeon Crawl Stone Soup version 0.24.0-13-gcf9b319 (webtiles) character file.

Game seed: 13933377859677102327, levelgen mode: deterministic

21 Boetheseconed the Insei (level 2, -1/18 HPs)
             Began as an Octopode Transmuter on Dec 14, 2019.
             Slain by a gnoll
             ... wielding a +1 flail of crushing
              (12 damage)
             ... on level 2 of the Dungeon.
             The game lasted 00:04:14 (828 turns).

Boetheseconed the Insei (Octopode Transmuter)        Turns: 828, Time: 00:04:14

Health: -1/18      AC:  1    Str:  9    XL:     2   Next: 83%
Magic:  4/5        EV: 13    Int: 15    God:
Gold:   18         SH:  0    Dex: 12    Spells: 4/5 levels left

rFire    . . .     SeeInvis .     - Unarmed
rCold    . . .     Gourm    .   (no shield)
rNeg     . . .     Faith    .   (helmet restricted)
rPois    .         Spirit   .   (no amulet)
rElec    .         Reflect  .   (no ring)
rCorr    .         Harm     .   (no ring)
MR       .....                  (no ring)
Stlth    ++........             (no ring)
HPRegen  0.06/turn              (no ring)
MPRegen  0.09/turn              (no ring)
                                (no ring)
                                (no ring)

@: appendage (expiring)
A: almost no armour, stealthy swim, amphibious, 8 rings, constrict 8, tentacle
spike 3, camouflage 1, gelatinous body 1
a: End Transformation


You were on level 2 of the Dungeon.
You were not hungry.
One of your tentacles had a temporary spike.
You visited 1 branch of the dungeon, and saw 2 of its levels.

You collected 18 gold pieces.

Inventory:

Missiles
 a - 12 arrows
Scrolls
 d - a scroll of immolation {unknown}
 g - 3 scrolls of magic mapping {unknown}
Potions
 b - a potion of heal wounds {unknown}
 e - 2 potions of curing {unknown}
Comestibles
 c - a ration
 f - a chunk of flesh


   Skills:
 + Level 1.0 Fighting
 + Level 2.2 Dodging
 + Level 0.4 Stealth
 + Level 3.4 Unarmed Combat
 + Level 2.2 Spellcasting
 + Level 2.1 Transmutations


You had 4 spell levels left.
You knew the following spells:

 Your Spells              Type           Power        Failure   Level  Hunger
a - Beastly Appendage     Tmut           #.....       10%         1    #......

Your spell library contained the following spells:

 Spells                   Type           Power        Failure   Level  Hunger
 Sticks to Snakes         Tmut           #.......     14%         2    ###....
 Spider Form              Tmut/Pois      #.........   38%         3    ###....
 Ice Form                 Ice/Tmut       #.......     80%         4    #####..
 Blade Hands              Tmut           #.........   95%         5    ######.


Dungeon Overview and Level Annotations

Branches:
Dungeon (2/15)

Altars:
Nemelex Xobeh


Innate Abilities, Weirdness & Mutations

You cannot wear most types of armour.
You are very stealthy in the water. (Stealth+)
You are amphibious.
You can wear up to eight rings at the same time.
You can use your tentacles to constrict eight enemies at once.
Your skin changes colour to match your surroundings (Stealth+).
Your rubbery body absorbs attacks. (AC +1, EV +1)
One of your tentacles bears a large vicious spike.


Message History

You tentacle-slap the kobold but do no damage.
You pierce the kobold, but do no damage.
The kobold is heavily wounded.
You constrict the kobold, but do no damage.
A gnoll comes into view. It is wielding a +0 halberd.
The kobold barely misses you.
You barely miss the kobold.
Your tentacle-slap misses the kobold.
The kobold is heavily wounded.
You constrict the kobold.
The kobold hits you with a +0 short sword.
A gnoll comes into view.
You barely miss the gnoll. Your grab misses the gnoll.
Your squeeze misses the gnoll.
Your transformation is almost over.
You constrict the kobold.
You kill the kobold!
A goblin comes into view. It is wielding a +0 dagger.
The gnoll hits you with a +1 flail of crushing!
Ouch! That really hurt!
You die...

.....####<###.#
......##..# #.#
..)...##.## #.##
...<..##.# #..##
.....###.# ##..##
#...###..######..#
#............###.#
##.####.####..##.#
#.# #.# ##@# #..
#.# #g)# ## ..#
.#... .## .. #.s..
# ##. ...gg? #.
<..... .. ..... ##
#.g..


You could see 3 gnolls, a giant cockroach and a goblin.

Vanquished Creatures
  A dart slug (D:1)
  A giant cockroach (D:1)
  2 hobgoblins
  5 bats (D:1)
  2 frilled lizards (D:1)
  4 kobolds
  5 rats
20 creatures vanquished.

Notes
Turn   | Place    | Note
-------+----------+-------------------------------------------
     0 | D:1      | Boetheseconed the Octopode Transmuter began the quest for
                  | the Orb.
     0 | D:1      | Reached XP level 1. HP: 13/13 MP: 3/3
    93 | D:1      | Reached XP level 2. HP: 17/18 MP: 3/5
   486 | D:1      | Found a sparkling altar of Nemelex Xobeh.
   828 | D:2      | Slain by a gnoll

Levels and vault maps discovered:
D:1:      scummos_arrival_simple_crosswalls, layout_basic,
          chequers_serial_rivers_small_a, nemelex_altar_shiori
D:2:      layout_rooms

Action                   || total
-------------------------++-------
Melee: Unarmed           ||    33
       Kick              ||     7
       Constrict         ||     8
       Tentacles         ||     5
 Cast: Beastly Appendage ||    14
 Stab: Sleeping          ||     4
Armor: Skin              ||     2
Dodge: Dodged            ||    17
